 Dungeon Crawl Stone Soup version 0.29.0-11-gd7f09526c8 (webtiles) character file.

Game seed: 2046817037574394191

16 soylentgreeen202 the Trooper (level 2, -2/24 HPs)
             Began as a Demonspawn Monk on Sept 6, 2022.
             Slain by a kobold
             ... wielding a +0 dagger
              (4 damage)
             ... on level 1 of the Dungeon.
             The game lasted 00:01:43 (280 turns).

soylentgreeen202 the Trooper (Demonspawn Monk)       Turns: 280, Time: 00:01:43

Health: -2/24      AC:  2    Str: 11    XL:     2   Next: 41%
Magic:  2/2        EV: 12    Int: 11    God:
Gold:   0          SH:  0    Dex: 15    Spells: 1/1 levels left

rFire   . . .      SeeInvis .   a - +0 spear
rCold   . . .      Faith    .   (no shield)
rNeg    . . .      Spirit   .   b - +0 robe
rPois   .          Reflect  .   (no helmet)
rElec   .          Harm     .   (no cloak)
rCorr   .          Rampage  .   (no gloves)
Will    .....                   (no boots)
Stlth   ++........              (no amulet)
HPRegen 0.08/turn               (no ring)
MPRegen 0.08/turn               (no ring)

@: no status effects
A: ignite blood 1
a: no special abilities


You were on level 1 of the Dungeon.
You visited 1 branch of the dungeon, and saw 1 of its levels.

Inventory:

Hand Weapons
 a - a +0 spear (weapon)
Armour
 b - a +0 robe (worn)
Scrolls
 d - a scroll of identify {unknown}
Potions
 c - a potion of ambrosia
 e - a potion of resistance {unknown}


   Skills:
 - Level 3.0 Fighting
 - Level 3.0 Polearms
 + Level 0.3 Throwing
 - Level 2.6 Dodging
 - Level 1.7 Stealth
 + Level 0.2 Shields
 + Level 0.1 Spellcasting
 + Level 0.2 Summonings
 + Level 0.4 Translocations
 + Level 0.1 Earth Magic
 + Level 0.1 Poison Magic
 + Level 0.2 Invocations
 + Level 0.2 Evocations


You had one spell level left.
You didn't know any spells.
Your spell library was empty.

Dungeon Overview and Level Annotations

Branches:
Dungeon (1/15)

Altars:


Innate Abilities, Weirdness & Mutations

Your demonic aura sometimes causes spilled blood to erupt in flames.


Message History

The quokka is lightly wounded.
The kobold shouts!
The quokka barely misses you.
An endoplasm comes into view.
You hit the quokka.
The quokka is heavily wounded.
The quokka bites you.
You hit the quokka.
The quokka is almost dead.
The quokka closely misses you.
You hit the quokka.
You kill the quokka!
The kobold hits you with a +0 dagger.
You barely miss the kobold. The kobold hits you with a +0 dagger.
You barely miss the kobold. The endoplasm freezes you.
You are frozen.
The kobold hits you with a +0 dagger.
You closely miss the kobold. The endoplasm freezes you.
You are frozen.
* * * LOW HITPOINT WARNING * * *
The kobold hits you with a +0 dagger.
* * * LOW HITPOINT WARNING * * *
You closely miss the kobold. The endoplasm barely misses you.
The kobold closely misses you.
You closely miss the kobold. You barely miss the kobold.
The endoplasm hits you but does no damage.
The kobold hits you but does no damage.
You barely miss the kobold. The endoplasm freezes you.
You are frozen.
* * * LOW HITPOINT WARNING * * *
The kobold misses you. The kobold attacks as you move away!
The kobold hits you but does no damage. The endoplasm attacks as you move away!
The endoplasm barely misses you. The endoplasm attacks as you move away!
The endoplasm hits you.
* * * LOW HITPOINT WARNING * * *
The kobold attacks as you move away! The kobold hits you with a +0 dagger.
You die...

#~~~≈#..# ## .........#
#~##≈#.## #. .........# #~
≈≈#..# #. #........###+#
####..####. .............
#........
.....##...$#######.####...
...........##.............
........K.............###.
........J@...).......)# ##
...........#†####.###...##
...........#.# #.# ##.#
.$........##.. ..# ...
#...##....###.# .## ##
#### #...## .. . #...# ...
##### ...


You could see an endoplasm and a kobold.

Vanquished Creatures
  A ball python (D:1)
  3 bats (D:1)
  2 endoplasms (D:1)
  A goblin (D:1)
  3 hobgoblins (D:1)
  2 quokkas (D:1)
  A frilled lizard (D:1)
  A rat (D:1)
14 creatures vanquished.

Notes
Turn   | Place    | Note
-------+----------+-------------------------------------------
     0 | D:1      | soylentgreeen202 the Demonspawn Monk began the quest for
                  | the Orb.
     0 | D:1      | Reached XP level 1. HP: 18/18 MP: 1/1
   104 | D:1      | Gained mutation: Your demonic aura sometimes causes spilled
                  | blood to erupt in flames. [demonic ancestry]
   104 | D:1      | Reached XP level 2. HP: 18/24 MP: 2/2
   279 | D:1      | HP: 1/24 [endoplasm (2)]
   280 | D:1      | Slain by a kobold

Illustrated notes

Levels and vault maps discovered:
D:1:      ncdulo_wetmaze, layout_rooms, shapermc_ecumenical_altar_totnotflames

Skill      XL: |  1 |
---------------+----+-----
Polearms       | 3 |  3.0
Fighting       | |  3.0
Throwing       | |  0.3
Dodging        | |  2.6
Stealth        | |  1.7
Shields        | |  0.2
Spellcasting   | |  0.1
Summonings     | |  0.2
Translocations | |  0.4
Earth Magic    | |  0.1
Poison Magic   | |  0.1
Invocations    | |  0.2
Evocations     | |  0.2

Action                   || total
-------------------------++-------
Melee: Spear             ||    49
Armor: Robe              ||    12
Dodge: Dodged            ||    25
